 Dungeon Crawl Stone Soup version 0.23-a0-171-g5ae17c6 (webtiles) character file.

73 grindst0ne the Gusty (level 4, -1/24 HPs)
             Began as a Tengu Air Elementalist on Sept 13, 2018.
             Slain by a jackal (3 damage)
             ... on level 2 of the Dungeon.
             The game lasted 00:04:01 (1383 turns).

grindst0ne the Gusty (Tengu Air Elementalist)       Turns: 1383, Time: 00:04:01

Health: -1/24      AC:  3    Str:  8    XL:     4   Next: 27%
Magic:  2/8        EV: 12    Int: 17    God:
Gold:   58         SH:  0    Dex: 14    Spells: 1/8 levels left

rFire    . . .     SeeInvis .   q - -3 short sword (curse)
rCold    . . .     Gourm    .   (no shield)
rNeg     . . .     Faith    .   a - +1 robe
rPois    .         Spirit   .   (helmet restricted)
rElec    .         Reflect  .   (no cloak)
rCorr    .         Harm     .   (no gloves)
MR       .....                  (boots unavailable)
Stlth    ++........             n - amulet of regeneration
HPRegen  0.48/turn              p - ring of flight
MPRegen  0.11/turn              (no ring)

@: no status effects
A: beak, talons 3
a: Evoke Flight


You were on level 2 of the Dungeon.
You were not hungry.

You visited 1 branch of the dungeon, and saw 2 of its levels.

You collected 58 gold pieces.

Inventory:

Hand Weapons
 o - a +1 short sword
 q - a cursed -3 short sword (weapon)
Armour
 a - a +1 robe (worn)
 j - a +0 leather armour
Jewellery
 n - an amulet of regeneration (around neck)
 p - a ring of flight (left hand)
Scrolls
 l - a scroll of magic mapping
Potions
 e - a potion of cancellation
Comestibles
 b - 5 chunks of flesh
 c - 5 rations


   Skills:
 - Level 2.1 Dodging
 - Level 2.0 Stealth
 + Level 2.6 Spellcasting
 * Level 3.8 Conjurations
 + Level 4.7 Air Magic


You had one spell level left.
You knew the following spells:

 Your Spells              Type           Power        Failure   Level  Hunger
a - Shock                 Conj/Air       ###.         3%          1    #......
b - Swiftness             Chrm/Air       ##......     11%         2    ##.....
c - Airstrike             Air            ###.......   26%         4    #####..

Your spell library contained the following spells:

 Spells                   Type           Power        Failure   Level  Hunger
 Static Discharge         Conj/Air       ###.....     10%         3    ###....
 Lightning Bolt           Conj/Air       ###.......   65%         5    ######.


Dungeon Overview and Level Annotations

Branches:
Dungeon (2/15)

Altars:


Innate Abilities, Weirdness & Mutations

You have a beak for a mouth.
You have claws for feet.


Message History

* * * LOW HITPOINT WARNING * * *
The leopard gecko misses you.
You barely miss the jackal.
You feel sick.
You are no longer poisoned.
The jackal barely misses you. x2; The leopard gecko bites you.
* * * LOW HITPOINT WARNING * * *
The jackal misses you.
Casting: Shock (safe; 3% risk of failure)
Confirm with . or Enter, or press ? or * to list all spells.
Aiming: Shock (safe; 3% risk of failure)
Press: ? - help, Shift-Dir - straight line, f/p - adder
Aim: an adder (heavily wounded)
The zap hits the adder.
The adder is almost dead.
The zap hits the adder.
The adder is almost dead.
The zap hits the jackal.
The jackal is severely wounded.
The jackal bites you.
You die...

#........
#.........
#.........
#.........
#.........
#h........
#hS.....#
#lShh...#
#h@h....#
#########


You could see 2 adders, a leopard gecko and 6 jackals.

Vanquished Creatures
  Jessica (D:2)
  A gnoll (D:1)
  2 worms (D:2)
  A dart slug (D:1)
  2 leopard geckos
  A giant cockroach (D:1)
  4 goblins (D:1)
  7 hobgoblins
  A jackal (D:2)
  3 bats (D:2)
  2 frilled lizards
  2 kobolds (D:2)
  A rat (D:2)
28 creatures vanquished.

Notes
Turn   | Place    | Note
-------+----------+-------------------------------------------
     0 | D:1      | grindst0ne the Tengu Air Elementalist began the quest for
                  | the Orb.
     0 | D:1      | Reached XP level 1. HP: 10/10 MP: 4/4
   260 | D:1      | Reached XP level 2. HP: 15/15 MP: 1/6
   603 | D:1      | Reached XP level 3. HP: 19/19 MP: 1/7
  1068 | D:2      | Noticed Jessica
  1100 | D:2      | Killed Jessica
  1100 | D:2      | Reached XP level 4. HP: 24/24 MP: 1/8
  1183 | D:2      | Learned a level 2 spell: Swiftness
  1188 | D:2      | Learned a level 4 spell: Airstrike
  1383 | D:2      | Slain by a jackal

Vault maps used:
D:1:      co_arrival_square_in_a_square_in_a_square
D:2:      chequers_ecumenical_altar_twisty, first_ration, uniq_jessica

Skill      XL: |  1  2  3 |
---------------+----------+-----
Conjurations   | 2 3 |  3.8
Dodging        | |  2.1
Stealth        | |  2.0
Spellcasting   | |  2.6
Air Magic      | |  4.7

Action                   |  1- 3 |  4- 6 || total
-------------------------+-------+-------++-------
Melee: Unarmed           |     8 |       ||     8
       Kick              |     2 |       ||     2
       Peck              |     1 |       ||     1
       Short sword       |       |     1 ||     1
 Cast: Shock             |    42 |    26 ||    68
  Use: Scroll            |       |     7 ||     7
       Potion            |       |     1 ||     1
  Eat: Chunk             |     1 |     1 ||     2
Armor: Robe              |    11 |     7 ||    18
Dodge: Dodged            |    26 |    38 ||    64

Table legend:
 A = Non-vault XP
 B = Vault XP
 C = Vault XP percentage of total XP
 D = Non-vault monster count
 E = Vault monster count
 F = Vault count percentage of total count
                 A         B        C        D         E       F
            +---------+---------+-------+---------+---------+-------
      Total |      68 |      37 |  35.2 |      27 |       1 |   3.6
            +---------+---------+-------+---------+---------+-------
        D:1 |      41 |       0 |   0.0 |      14 |       0 |   0.0
        D:2 |      27 |      37 |  57.8 |      13 |       1 |   7.1
            +---------+---------+-------+---------+---------+-------
